 Dungeon Crawl Stone Soup version 0.32-a0-43-g058985b245 (webtiles) character file.

Game seed: 10071761849716351212

805 whatisthis the Trooper (level 8, -1/61 HPs)
             Began as a Djinni Fire Elementalist on Feb 3, 2024.
             Was an Initiate of Makhleb.
             Slain by a centaur (2 damage)
             ... on level 6 of the Dungeon.
             The game lasted 00:09:58 (4561 turns).

whatisthis the Trooper (Djinni Fire Elementalist)   Turns: 4561, Time: 00:09:58

Health: -1/61      AC:  2    Str:  7    XL:     8   Next: 14%
Gold:   368        EV: 12    Int: 20    God:    Makhleb [......] SH:  0 Dex: 19

rFire   + + .        q - +0 dagger (venom)
rCold   x . .        (no shield)
rNeg    . . .        a - +0 robe
rPois   ∞            (no helmet)
rElec   .            (no cloak)
rCorr   .            (no gloves)
SInv    .            (boots unavailable)
Will    .....        u - amulet of the acrobat
Stlth   ++           l - +6 ring of dexterity
HPRegen 0.30/turn    (no ring)
MPRegen 0.00/turn

%: acrobat, infuse magic (-2 HP)
@: mighty, flying
A: sickness immunity, fire resistance 2, cold vulnerability 1, float, innate
caster, HP casting, extra vitality 1
a: Renounce Religion


You were on level 6 of the Dungeon.
You worshipped Makhleb.
Makhleb was noncommittal.
You visited 1 branch of the dungeon, and saw 6 of its levels.

You collected 368 gold pieces.

Inventory:

Hand Weapons
 q - a +0 dagger of venom (weapon)
Missiles
 d - 9 poisoned darts
Armour
 a - a +0 robe (worn)
Magical Staves
 o - a staff of alchemy
Jewellery
 l - a +6 ring of dexterity (left hand)
 u - an amulet of the acrobat (around neck)
Scrolls
 b - a scroll of teleportation {unknown}
 c - 2 scrolls of vulnerability {unknown}
 e - a scroll of immolation {unknown}
 f - 4 scrolls of identify {unknown}
 i - a scroll of amnesia {unknown}
 n - 2 scrolls of revelation {unknown}
 r - a scroll of summoning {unknown}
 s - 2 scrolls of poison {unknown}
 w - a scroll of fear {unknown}
 x - a scroll of torment {unknown}
Potions
 g - 2 potions of lignification {unknown}
 h - 3 potions of might
 j - a potion of cancellation {unknown}
 k - 2 potions of curing {unknown}
 m - 2 potions of mutation {unknown}
 p - 4 potions of ambrosia {unknown}
 t - a potion of enlightenment {unknown}
 v - 2 potions of brilliance {unknown}
 z - a potion of magic {unknown}


   Skills:
 + Level 5.7 Fighting
 - Level 2.1 Dodging
 - Level 1.5 Stealth
 + Level 5.7 Spellcasting
 + Level 5.7 Conjurations
 + Level 5.7 Hexes
 + Level 5.7 Summonings
 + Level 5.7 Necromancy
 + Level 5.7 Translocations
 + Level 5.7 Fire Magic
 + Level 5.7 Ice Magic
 + Level 5.7 Air Magic
 + Level 5.7 Earth Magic
 + Level 5.7 Alchemy


You knew the following spells:

 Your Spells              Type           Power      Damage    Failure   Level
a - Foxfire               Conj/Fire      100%       2x1d9     1%          1
b - Scorch                Fire           56%        2d7       1%          2
c - Volatile Blastmotes   Fire/Tloc      56%        2d14      3%          3
d - Inner Flame           Hex/Fire       28%        N/A       3%          3
e - Flame Wave            Conj/Fire      28%        2d9       10%         4
f - Apportation           Tloc           56%        N/A       1%          1
g - Lesser Beckoning      Tloc           56%        N/A       1%          2
h - Vampiric Draining     Necr           28%        2d8       3%          3
Your spell library was empty.

Dungeon Overview and Level Annotations

Branches:
Dungeon (6/15)
 Temple: D:4-7

Altars:
Makhleb
Nemelex Xobeh

Shops:
D:3 (

Annotations:
D:5 2 transporters
D:6 Grinder


Innate Abilities, Weirdness & Mutations

You are immune to sickness and miasma.
You are immune to poison.
Your flesh is very heat resistant. (rF++)
You are vulnerable to cold. (rC-)
You float through the air rather than walking.
You learn spells naturally, not from books.
Your magical power is your life essence.
You have superior vitality. (+4 MHP)


Message History

* * * LOW HITPOINT WARNING * * *
Casting: Foxfire (safe; 1% risk of failure)
Confirm with . or Enter, or press ? or * to list all spells.
Flames lash the hound.
The hound is burned terribly!
You kill the hound!
Makhleb accepts your kill.
* * * LOW HITPOINT WARNING * * *
The centaur hits you but does no damage.
The centaur kicks you.
* * * LOW HITPOINT WARNING * * *
The centaur closely misses you.
The centaur kicks you but does no damage.
Okay, then.
Throw: throwing net
Press: ? - help, Q - select action, (/) - cycle Shift-Dir - straight line, f - centaur
Aim: a centaur (lightly wounded, 71% to hit)
You throw a throwing net. The throwing net hits the centaur.
The centaur is caught in the net!
The centaur is lightly wounded.
The centaur struggles against the net.
The centaur struggles against the net.
Grinder blinks!
The centaur struggles against the net.
The net rips apart, and the centaur comes free!
You hit Grinder but do no damage.
Grinder is almost dead.
Grinder blinks!
Casting: Scorch (safe; 1% risk of failure)
Confirm with . or Enter, or press ? or * to list all spells.
Flames lash the adder.
You kill the adder!
Makhleb accepts your kill.
* * * LOW HITPOINT WARNING * * *
The centaur hits you but does no damage.
The centaur closely misses you. Grinder misses you. The centaur hits you.
* * * LOW HITPOINT WARNING * * *
The centaur kicks you but does no damage.
It was a potion of might.
You feel very mighty all of a sudden. The centaur hits you.
You die...

..# #.# ..#
#.# ## ..#####
#.#### .5
......###....#
###.
#.###.#.>#.#.#
#.. #.#
#.#..._..# #)#
#.# #.#.##.###
#.# #.#
#.#.#..# #c#
#.# #.#.#.###
#@# ..#
#.......# #5#
.##
###.###.####.#
.# #.#
#......# .♣
#.# ########
.♣ #.# ♣♣ #.#
#.# .#


You could see Grinder (combustible) and a centaur.

Vanquished Creatures
  3 black bears (D:5)
  An ogre (D:5)
  A scorpion (D:4)
  A jelly (D:6)
  2 hounds
  A sleepcap (D:5)
  An orc wizard (D:6)
  Terence (D:3)
  9 adders
  A shadow imp (D:5)
  A white imp (D:5)
  3 ufetubi (D:6)
  3 ribbon worms
  7 orcs
  8 bats
  5 endoplasms
  6 giant cockroaches
  8 goblins
  10 hobgoblins
  3 jackals (D:1)
  10 kobolds
  3 quokkas
  8 ball pythons
  4 frilled lizards
  7 rats
107 creatures vanquished.

Vanquished Creatures (others)
  238 foxfires
238 creatures vanquished.

Grand Total: 345 creatures vanquished

Notes
Turn   | Place    | Note
-------+----------+-------------------------------------------
     0 | D:1      | whatisthis the Djinni Fire Elementalist began the quest for
                  | the Orb.
     0 | D:1      | whatisthis set off with the following spells memorised:
                  | Foxfire, Scorch, Volatile Blastmotes, Inner Flame, Flame
                  | Wave.
     0 | D:1      | Reached XP level 1. HP: 15/15 MP: 0/0
   180 | D:1      | Reached XP level 2. HP: 19/21 MP: 0/0
   661 | D:1      | Reached XP level 3. HP: 22/25 MP: 0/0
   661 | D:1      | Learned a level 1 spell: Apportation
  1025 | D:1      | Reached skill level 1 in Fighting
  1525 | D:2      | Reached XP level 4. HP: 30/32 MP: 0/0
  2129 | D:3      | Reached XP level 5. HP: 36/38 MP: 0/0
  2129 | D:3      | Learned a level 2 spell: Lesser Beckoning
  2458 | D:3      | Noticed Terence
  2468 | D:3      | Killed Terence
  2782 | D:3      | Found Ixiehaisch's Weapon Boutique.
  3135 | D:4      | Reached XP level 6. HP: 34/46 MP: 0/0
  3428 | D:5      | Entered Level 5 of the Dungeon
  3463 | D:5      | Noticed an ogre
  3466 | D:5      | Killed an ogre
  3617 | D:5      | Found a transporter.
  3734 | D:5      | Noticed a black bear
  3745 | D:5      | Killed a black bear
  3746 | D:5      | Reached skill level 5 in Spellcasting
  3746 | D:5      | Reached skill level 5 in Conjurations
  3746 | D:5      | Reached skill level 5 in Hexes
  3746 | D:5      | Reached skill level 5 in Summonings
  3746 | D:5      | Reached skill level 5 in Necromancy
  3746 | D:5      | Reached skill level 5 in Translocations
  3746 | D:5      | Reached skill level 5 in Fire Magic
  3746 | D:5      | Reached skill level 5 in Ice Magic
  3746 | D:5      | Reached skill level 5 in Air Magic
  3746 | D:5      | Reached skill level 5 in Earth Magic
  3746 | D:5      | Reached skill level 5 in Alchemy
  3746 | D:5      | Reached XP level 7. HP: 47/53 MP: 0/0
  3746 | D:5      | Learned a level 3 spell: Vampiric Draining
  3890 | D:5      | Reached skill level 5 in Fighting
  3955 | D:5      | Found a sparkling altar of Nemelex Xobeh.
  4030 | D:5      | Found a transporter.
  4442 | D:6      | Reached XP level 8. HP: 58/60 MP: 0/0
  4506 | D:6      | Found a burning altar of Makhleb.
  4523 | D:6      | Became a worshipper of Makhleb the Destroyer
  4541 | D:6      | Noticed Grinder
  4560 | D:6      | HP: 1/61 [centaur (5)]
  4561 | D:6      | Slain by a centaur

Illustrated notes

Levels and vault maps discovered:
D:1:      dpeg_arrival_arbitrary_a, layout_basic, serial_co_window_serial,
          co_window_corner_a, co_window_of_opportunity_a, co_window_paths_b,
          co_window_corner_a, co_window_paths_a, co_window_unsneaky_path_a,
          co_window_2corner, co_window_cross_4, co_window_of_opportunity_c,
          co_window_unsneaky_path_e, glass_columns_a, glass_columns_a,
          glass_columns_b, glass_columns_a, glass_columns_b
D:2:      layout_loops_ring
D:3:      layout_basic, serial_shops, nicolae_shop_bloodbath_and_beyond,
          minivault_11, lexackson_kobold_supper, uniq_terence
D:4:      layout_rooms
D:5:      gammafunk_steamed_eel, layout_cave_pods, lemuel_coloured_pillars_altar
D:6:      layout_loops_ring, lemuel_crystal_altar,
          minmay_temple_entry_purple_smoke, minmay_checkerbox, uniq_pikel,
          uniq_grinder, uniq_crazy_yiuf_cottage

Skill      XL: |  1  2  3  4  5  6  7 |
---------------+----------------------+-----
Fighting       | 1 2 3 4 5 |  5.7
Spellcasting   | 4 5 |  5.7
Conjurations   | 4 5 |  5.7
Hexes          | 4 5 |  5.7
Summonings     | 4 5 |  5.7
Necromancy     | 4 5 |  5.7
Translocations | 4 5 |  5.7
Fire Magic     | 4 5 |  5.7
Ice Magic      | 4 5 |  5.7
Air Magic      | 4 5 |  5.7
Earth Magic    | 4 5 |  5.7
Alchemy        | 4 5 |  5.7
Dodging        | |  2.1
Stealth        | |  1.5

Action                     |  1- 3 |  4- 6 |  7- 9 || total
---------------------------+-------+-------+-------++-------
  Melee: Dagger            |       |     3 |     2 ||     5
  Throw: Throwing net      |       |       |     1 ||     1
   Cast: Foxfire           |    76 |    31 |    41 ||   148
         Scorch            |    13 |    63 |    22 ||    98
         Apportation       |       |       |     2 ||     2
    Use: Potion            |       |       |     1 ||     1
 Armour: Robe              |    12 |    14 |    13 ||    39
  Dodge: Dodged            |    19 |    15 |    10 ||    44

Table legend: (Time is in decaauts)
 A = Elapsed time spent in this place.
 B = Non-inter-level travel time spent in this place.
 C = Inter-level travel time spent in this place.
 D = Time resting spent in this place.
 E = Time spent auto-exploring this place.
 F = Levels seen in this place.
 G = Mean time per level.
                   A        B        C        D        E       F      G
               +--------+--------+--------+--------+--------+-----+--------+
         Total |   4558 |   4458 |    100 |    349 |   3266 |   6 |  759.7 |
       Dungeon |   4558 |   4458 |    100 |    349 |   3266 |   6 |  759.7 |
               +--------+--------+--------+--------+--------+-----+--------+

Top non-repeatable levels by time:
     D:1: 1362 daAuts
     D:5: 931 daAuts
     D:3: 763 daAuts
     D:2: 745 daAuts
     D:4: 555 daAuts
     D:6: 200 daAuts
